AoeStats
← ITA | MarknighT

Arabian Desert

509296751Analyzed
1v1 RM · 6d ago on Sep 26, 2026· 43m 8s· 2 players
Game mode
Random Map
Map size
Tiny (2 player)
Population
200
Speed
Normal
Resources
Standard
Victory
Conquest
Starting age
Dark Age
Ending age
Imperial Age
RankedLock teamsTeams togetherTeam positionsShared explorationLock speedFull tech treeHidden civsTurbo modeCheats
Victory
Defeat
🇮🇹 Spanish · Italy
1925
+11
🇦🇷 Maya · Argentina
1820
-11
ITA | MarknighT
6:09 Loom
8:26 Feudal Age
9:34 Double-Bit Axe
15:30 Bloodlines
21:34 Castle Age
19:40 Horse Collar
20:06 Gold Mining
20:50 Padded Archer Armor
22:44 Bow Saw
26:17 Town Watch
27:44 Husbandry
31:03 Wheelbarrow
33:04 Leather Archer Armor
39:37 Imperial Age
37:40 Fletching
39:42 Onager
41:03 Elite Conquistador
42:40 Ring Archer Armor
samm
0:26 Loom
8:55 Feudal Age
9:00 Man-at-Arms
14:50 Fletching
15:59 Double-Bit Axe
23:10 Castle Age
21:39 Gold Mining
21:37 Horse Collar
24:31 Bodkin Arrow
23:57 Crossbowman
26:47 Ballistics
29:49 Town Watch
33:10 Guard Tower
42:19 Masonry
Connection lost

Rejoining the realm…

Still unreachable

The connection could not be restored.

Session expired

The server has moved on; the page needs a fresh start.